 Dungeon Crawl Stone Soup version 0.19.1 (webtiles) character file.

121 Miant the Skirmisher (level 4, 0/35 HPs)
             Began as a Demonspawn Fighter on Dec 13, 2016.
             Killed from afar by Natasha (5 damage)
             ... with a magic dart
             ... on level 2 of the Dungeon.
             The game lasted 00:08:45 (1758 turns).

Miant the Skirmisher (Demonspawn Fighter)           Turns: 1758, Time: 00:08:46

Health: 0/35       AC:  9    Str: 18    XL:     4   Next: 77%
Magic:  13/13      EV:  7    Int:  9    God:
Gold:   100        SH:  9    Dex: 12    Spells: 0 memorised, 3 levels left

rFire  + . .     SeeInvis .     a - +0 war axe
rCold  . . .     Gourm    .     b - +0 scale mail
rNeg   . . .     Faith    .     c - +0 shield
rPois  .         Spirit   .     (helmet restricted)
rElec  .         Reflect  .     k - +0 cloak
rCorr  .         Harm     .     m - +0 pair of gloves (curse)
MR     .....                    (no boots)
Stlth  ..........               (no amulet)
                                (no ring)
                                i - ring of magical power

@: no status effects
A: antennae 1, fire resistance 1, screaming 1, wild magic 1
a: no special abilities


You were on level 2 of the Dungeon.
You were not hungry.

You visited 1 branch of the dungeon, and saw 2 of its levels.

You collected 100 gold pieces.

Inventory:

Hand Weapons
 a - a +0 war axe (weapon)
Missiles
 g - 12 poisoned needles
Armour
 b - a +0 scale mail (worn)
 c - a +0 shield (worn)
 e - a cursed +0 pair of gloves
 k - a +0 cloak (worn)
 m - a cursed +0 pair of gloves (worn)
Jewellery
 i - a ring of magical power (left hand)
Scrolls
 d - a scroll of magic mapping {unknown}
Comestibles
 f - 2 bread rations
 h - a chunk of flesh
 j - a meat ration
 l - a slice of pizza


   Skills:
 + Level 3.5 Fighting
 + Level 2.9 Axes
 + Level 3.3 Armour
 + Level 1.0 Dodging
 + Level 3.1 Shields


You had 3 spell levels left.
You didn't know any spells.

Dungeon Overview and Level Annotations

Branches:
Dungeon (2/15)

Altars:

Annotations:
D:2 Natasha


Innate Abilities, Weirdness & Mutations

You have a pair of small antennae on your head.
Your flesh is heat resistant. (rF+)
You occasionally shout uncontrollably at your foes.
Your spells are a little harder to cast, but a little more powerful.


Message History

Natasha claws you but does no damage.
Your cursed +0 pair of gloves is stuck to your body!
You hit Natasha.
Natasha is lightly wounded.
Natasha claws you.
You closely miss Natasha.
Natasha is lightly wounded.
You block Natasha's attack. Natasha claws you but does no damage.
You hit Natasha but do no damage.
Natasha is lightly wounded.
Natasha claws you! The white imp hits you.
* * * LOW HITPOINT WARNING * * *
The white imp freezes you.
* * * LOW HITPOINT WARNING * * *
You barely miss Natasha.
Natasha is lightly wounded.
You hit the white imp. Natasha casts a spell at you. The magic dart hits you!
You die...

#......< #.......
##......
#########.......
##...............
##................
#.................
#.5.............#.
#@h............##.
#..............##.
#...........)..##h
##........)....##{
##.......(....##.
#########.......
#.....#. #....##.
##.....##


You could see Natasha and a white imp.

Vanquished Creatures
  Natasha (twice) (D:2)
  2 adders (D:2)
  2 worms (D:2)
  A dart slug (D:1)
  2 leopard geckos
  3 giant cockroaches (D:1)
  7 goblins
  6 hobgoblins
  5 jackals (D:1)
  A quokka (D:2)
  5 bats
  3 frilled lizards
  5 kobolds
  2 rats (D:1)
46 creatures vanquished.

Notes
Turn   | Place    | Note
-------+----------+-------------------------------------------
     0 | D:1      | Miant the Demonspawn Fighter began the quest for the Orb.
     0 | D:1      | Reached XP level 1. HP: 18/18 MP: 1/1
   237 | D:1      | Gained mutation: You have a pair of small antennae on your head. [demonic ancestry]
   237 | D:1      | Reached XP level 2. HP: 24/24 MP: 2/2
   801 | D:1      | Reached XP level 3. HP: 27/29 MP: 3/3
   955 | D:1      | Gained mutation: Your spells are a little harder to cast, but a little more powerful. [potion of mutation]
   955 | D:1      | Gained mutation: You occasionally shout uncontrollably at your foes. [potion of mutation]
   955 | D:1      | Gained mutation: Your flesh is heat resistant. (rF+) [potion of mutation]
  1168 | D:2      | Noticed Natasha
  1185 | D:2      | Killed Natasha
  1185 | D:2      | Reached XP level 4. HP: 35/35 MP: 4/4
  1331 | D:2      | Noticed Natasha
  1361 | D:2      | Killed Natasha
  1361 | D:2      | Reached skill level 1 in Dodging
  1729 | D:2      | Noticed Natasha
  1758 | D:2      | Killed from afar by Natasha

Skill      XL: |  1  2  3  4 |
---------------+-------------+-----
Armour         | 3 |  3.3
Axes           | 2 |  2.9
Shields        | 3 |  3.1
Dodging        | 1 |  1.0
Fighting       | |  3.5

Action                   |  1- 3 |  4- 6 || total
-------------------------+-------+-------++-------
Melee: War axe           |    98 |    64 ||   162
  Use: Potion            |     2 |       ||     2
       Scroll            |     1 |     1 ||     2
  Eat: Chunk             |     1 |     2 ||     3
Armor: Scale mail        |    67 |    58 ||   125
Dodge: Dodged            |    40 |    24 ||    64
Block: Shield            |    63 |    52 ||   115
